 Dungeon Crawl Stone Soup version 0.31.0-4-g52a2dc7128 (webtiles) character file.

Game seed: 5683536173941539669

126 ZaWarudo the Magician (level 5, -1/48 HPs)
             Began as an Oni Hedge Wizard on Jan 22, 2024.
             Was an Initiate of Ashenzari.
             Slain by a gnoll
             ... wielding a +0 spear
              (3 damage)
             ... on level 3 of the Dungeon.
             The game lasted 00:07:28 (2660 turns).

ZaWarudo the Magician (Oni Hedge Wizard)            Turns: 2660, Time: 00:07:29

Health: -1/48      AC:  3    Str: 16    XL:     5   Next: 9%
Magic:  10/12      EV: 10    Int: 15    God:    Ashenzari [......]
Gold:   87         SH:  0    Dex:  8    Spells: 6/13 levels left

rFire   . . .        f - +1 long sword (drain)
rCold   . . .        (no shield)
rNeg    . . .        b - +0 robe
rPois   .            c - +0 hat
rElec   .            (no cloak)
rCorr   .            (gloves unavailable)
SInv    .            (boots unavailable)
Will    .....        (no amulet)
Stlth   ++           (no ring)
HPRegen 0.28/turn    (no ring)
MPRegen 0.13/turn

%: no passive effects
@: no status effects
A: large, unfitting armour, horns 1, tough skin 1, double potion healing,
drunken brawling
a: Renounce Religion


You were on level 3 of the Dungeon.
You worshipped Ashenzari.
Ashenzari was noncommittal.
You visited 1 branch of the dungeon, and saw 3 of its levels.

You collected 87 gold pieces.

Inventory:

Hand Weapons
 a - a +0 dagger
 f - a +1 long sword of draining (weapon)
Missiles
 n - 3 poisoned darts
Armour
 b - a +0 robe (worn)
 c - a +0 hat (worn)
Scrolls
 e - a scroll of immolation {unknown}
 g - 3 scrolls of identify {unknown}
 i - 2 scrolls of blinking {unknown}
 j - 2 scrolls of teleportation {unknown}
 k - a scroll of enchant weapon {unknown}
 l - a scroll of poison {unknown}
 o - a scroll of vulnerability {unknown}
Potions
 d - a potion of magic
 h - a potion of curing {unknown}
 m - a potion of mutation {unknown}


   Skills:
 + Level 1.3 Fighting
 + Level 1.2(1.3) Long Blades
 + Level 2.3 Dodging
 + Level 1.8 Stealth
 + Level 4.9 Spellcasting
 + Level 1.4 Conjurations
 + Level 0.1 Hexes
 + Level 0.9 Summonings
 + Level 1.0 Translocations


You had 6 spell levels left.
You knew the following spells:

 Your Spells              Type           Power      Damage    Failure   Level
a - Magic Dart            Conj           32%        1d4       9%          1
b - Call Imp              Summ           12%        N/A       17%         2
c - Blink                 Tloc           12%        N/A       17%         2
d - Slow                  Hex            16%        N/A       16%         1
e - Sandblast             Erth           6%         2d5       17%         1

Your spell library contained the following spells:

 Spells                   Type           Power      Damage    Failure   Level
 Cigotuvi's Dreadful Rot  Necr/Alch/Air  6%         N/A       26%         2
 Stone Arrow              Conj/Erth      10%        3d7       36%         3
 Mephitic Cloud           Conj/Alch/Air  5%         N/A       38%         3
 Passwall                 Erth           3%         N/A       45%         3
 Brom's Barrelling Bould  Conj/Erth      5%         2d3       77%         4


Dungeon Overview and Level Annotations

Branches:
Dungeon (3/15)

Altars:
Ashenzari
Trog

Shops:
D:1 *


Innate Abilities, Weirdness & Mutations

You are too large for most types of armour.
You have a pair of small horns on your head.
You have tough skin. (AC +1)
You gain doubled healing and magic from potions.
Whenever you drink a healing potion, you attack all around you.


Message History

The orc wizard is heavily wounded.
The orc hits you with a +0 mace. The orc barely misses you.
The orc wizard closely misses you. The orc hits you with a +0 flail.
The orc wizard misses you.
The gnoll hits you from afar with a +0 spear.
You barely miss the orc wizard.
You headbutt the orc wizard, but do no damage.
The orc wizard is heavily wounded.
A gnoll comes into view. It is wielding a +0 club.
The orc wizard hits you with a +0 dagger.
The orc barely misses you.
The gnoll hits you from afar with a +0 spear.
You are too injured to fight recklessly!
You are too injured to fight recklessly!
You are too injured to fight recklessly!
You are too injured to fight recklessly!
You are too injured to fight recklessly!
You are too injured to fight recklessly!
You are too injured to fight recklessly!
The gnoll shouts!
You slash the orc wizard!
You kill the orc wizard!
The orc wizard casts a spell at you. The puff of flame hits you!
* * * LOW HITPOINT WARNING * * *
The orc hits you with a +0 flail.
* * * LOW HITPOINT WARNING * * *
The gnoll hits you from afar with a +0 spear.
* * * LOW HITPOINT WARNING * * *
Your magical contamination has completely faded away.
Your Translocations skill increases to level 1!
You have reached level 5!
You hit the orc wizard.
The orc wizard is moderately wounded.
The orc wizard hits you with a +0 dagger.
* * * LOW HITPOINT WARNING * * *
The orc barely misses you.
A gnoll comes into view. It is wielding a +0 halberd.
The gnoll hits you from afar with a +0 spear.
You die...

#........≈§...§§
#.......§...._..
#.......§§≈.....
#.......§§§.≈.§. ####
#.......§.§≈§.≈≈ #...
#........§...... #...
#.........##..##
####..o##.........##.###
g.g'..o@...............>
####.go######....######.
#... #....#...... #...
#....#.####. #...
####.#.# #. #...
#.#.####. #<.. #.#.#....
#... #.#.#.### #.#<...


You could see an orc wizard, 3 gnolls and 2 orcs.

Vanquished Creatures
  Terence (D:2)
  An orc wizard (D:3)
  2 adders (D:2)
  A dart slug (D:1)
  An orc (D:2)
  4 endoplasms
  5 giant cockroaches (D:1)
  4 goblins
  5 hobgoblins
  4 jackals (D:2)
  6 kobolds
  2 quokkas (D:1)
  2 ball pythons
  3 bats (D:1)
  6 frilled lizards
  8 rats
55 creatures vanquished.

Vanquished Creatures (collateral kills)
  A rat (D:2)
1 creature vanquished.

Grand Total: 56 creatures vanquished

Notes
Turn   | Place    | Note
-------+----------+-------------------------------------------
     0 | D:1      | ZaWarudo the Oni Hedge Wizard began the quest for the Orb.
     0 | D:1      | Reached XP level 1. HP: 16/16 MP: 5/5
    98 | D:1      | Reached skill level 4 in Spellcasting
   131 | D:1      | Found Wiompius's Assorted Antiques.
   192 | D:1      | Reached XP level 2. HP: 16/24 MP: 7/7
   454 | D:1      | Reached skill level 1 in Conjurations
   545 | D:1      | Reached XP level 3. HP: 30/31 MP: 6/8
  1527 | D:2      | Noticed Terence
  1536 | D:2      | Killed Terence
  1537 | D:2      | Reached skill level 1 in Fighting
  1537 | D:2      | Reached XP level 4. HP: 19/41 MP: 8/10
  1783 | D:2      | Learned a level 2 spell: Call Imp
  1786 | D:2      | Learned a level 2 spell: Blink
  1788 | D:2      | Learned a level 1 spell: Slow
  1790 | D:2      | Learned a level 1 spell: Sandblast
  2342 | D:2      | Reached skill level 1 in Long Blades
  2563 | D:3      | Found a broken altar of Ashenzari.
  2568 | D:3      | Became a worshipper of Ashenzari the Shackled
  2609 | D:3      | Found a bloodstained altar of Trog.
  2659 | D:3      | HP: 2/41 [gnoll/+0 spear (2)]
  2660 | D:3      | Reached skill level 1 in Translocations
  2660 | D:3      | Reached XP level 5. HP: 3/48 MP: 10/12
  2660 | D:3      | Slain by a gnoll

Illustrated notes

Levels and vault maps discovered:
D:1:      tarquinn_simple_flora_water_f, layout_basic, serial_shops, shop
D:2:      layout_loops_corners, amcnicky_mini_corridor_feature,
          nrook_loot_triangle, uniq_terence
D:3:      layout_basic, mainiacjoe_overflow_small_starburst, elyvilon_altar_1,
          lemuel_blue_sif_altar, ashenzari_altar_1, nicolae_vehumet_altar_sigil,
          pdpol_temple_overflow_zin_treasury_gozag_greed

Skill      XL: |  1  2  3  4 |
---------------+-------------+-----
Spellcasting   | 4 |  4.9
Conjurations   | 1 |  1.4
Dodging        | 2 |  2.3
Fighting       | 1 |  1.3
Long Blades    | 1 |  1.2
Translocations | 1 |  1.0
Stealth        | |  1.8
Hexes          | |  0.1
Summonings     | |  0.9

Action                     |  1- 3 |  4- 6 || total
---------------------------+-------+-------++-------
  Melee: Dagger            |    65 |       ||    65
         Headbutt          |    10 |     4 ||    14
         Long sword        |    52 |    46 ||    98
   Cast: Magic Dart        |    27 |     7 ||    34
         Blink             |       |     4 ||     4
         Slow              |       |     3 ||     3
         Call Imp          |       |     3 ||     3
   Stab: Sleeping          |       |     1 ||     1
 Armour: Robe              |    91 |    41 ||   132
  Dodge: Dodged            |    71 |    42 ||   113
